 Dungeon Crawl Stone Soup version 0.18.1-48-g4cf74bf (webtiles) character file.

18661 boogeech the Fighter (level 12, -2/112 HPs)
             Began as a Minotaur Fighter on June 28, 2016.
             Was a Priest of Makhleb.
             Slain by a 17-headed hydra (7 damage)
             ... on level 12 of the Dungeon.
             The game lasted 00:43:46 (15542 turns).

boogeech the Fighter (Minotaur Fighter)            Turns: 15542, Time: 00:43:46

Health: -2/112     AC: 20    Str: 24    XL:     12   Next: 29%
Magic:  11/11      EV: 16    Int:  5    God:    Makhleb [***...]
Gold:   475        SH:  0    Dex: 17    Spells: 0 memorised, 11 levels left

rFire  . . .     SeeInvis .     d - +2 great sword
rCold  + . .     Gourm    .     v - +0 plate armour
rNeg   + . .     Faith    .     (shield currently unavailable)
rPois  .         Spirit   .     (helmet restricted)
rElec  .         Dismiss  .     (no cloak)
rCorr  .         Reflect  .     Z - +0 pair of gloves
SustAt .         Harm     .     t - +2 pair of boots
MR     .....                    (no amulet)
Stlth  ..........               y - ring of protection from cold
                                r - ring of positive energy

@: agile, very slightly contaminated, hasted, very quick, not resistant to
hostile enchantments, extremely unstealthy
A: retaliatory headbutt, horns 2
a: Minor Destruction, Lesser Servant of Makhleb, Renounce Religion


You were on level 12 of the Dungeon.
You worshipped Makhleb.
Makhleb was most pleased with you.
You were not hungry.

You visited 2 branches of the dungeon, and saw 13 of its levels.
You also visited: Sewer.

You collected 718 gold pieces.
You spent 243 gold pieces at shops.

Inventory:

Hand Weapons
 d - a +2 great sword (weapon)
 n - a +0 longbow of freezing
Missiles
 F - 131 arrows
 L - a throwing net (quivered)
Armour
 t - a +2 pair of boots (worn)
 v - a +0 plate armour (worn)
 W - a +0 large shield
 Z - a +0 pair of gloves (worn)
Jewellery
 b - a cursed amulet of dismissal
 e - an uncursed ring of protection from fire
 r - a ring of positive energy (left hand)
 y - a ring of protection from cold (right hand)
Wands
 H - a wand of disintegration (7/24)
 R - a wand of lightning (2/15)
 S - a wand of heal wounds (0/9)
 Y - a wand of heal wounds (0/9)
Scrolls
 c - 2 scrolls of acquirement {unknown}
 j - 6 scrolls of enchant armour
 m - 3 scrolls of remove curse
 o - 5 scrolls of magic mapping {unknown}
 q - a scroll of fog {unknown}
 u - 3 scrolls of immolation {unknown}
 x - 4 scrolls of enchant weapon {unknown}
 A - 2 scrolls of teleportation
 B - 2 scrolls of blinking {unknown}
 G - a scroll of brand weapon {unknown}
 I - a scroll of noise {unknown}
 J - a scroll of amnesia {unknown}
 T - a scroll of vulnerability {unknown}
 X - a scroll of summoning {unknown}
Potions
 h - a potion of curing
 i - a potion of agility
 w - a potion of brilliance
 N - a potion of resistance {unknown}
Comestibles
 f - 6 bread rations
 p - 6 meat rations


   Skills:
 * Level 12.0 Fighting
 * Level 11.6 Long Blades
 * Level 11.9 Armour
 + Level 7.2 Dodging
 + Level 6.1 Stealth
 - Level 9.2 Shields
 + Level 0.0 Evocations


You had 11 spell levels left.
You didn't know any spells.

Dungeon Overview and Level Annotations

Branches:
Dungeon (12/15)            Temple (1/1) D:4            Lair (0/8) D:11
    Orc (0/2) D:10

Altars:
Ashenzari
Cheibriados
Dithmenos
Elyvilon
Kikubaaqudgha
Makhleb
Okawaru
Pakellas
Qazlal
Vehumet
Zin
The Shining One

Shops:
D:6 ?   D:9 *


Innate Abilities, Weirdness & Mutations

You reflexively headbutt those who attack you in melee.
You have a pair of horns on your head.


Message History

* * * LOW HITPOINT WARNING * * *
The 15-headed hydra bites you but does no damage. x4
The 15-headed hydra closely misses you. x2
The 15-headed hydra bites you but does no damage.
You lop one of the 15-headed hydra's heads off!
The 14-headed hydra grows two more!
You hit the 16-headed hydra.
The 16-headed hydra is severely wounded.
The phantom completely misses you. You furiously retaliate!
You headbutt the phantom.
Unknown command.
You hack one of the 16-headed hydra's heads off!
The 15-headed hydra grows two more!
You slice the 17-headed hydra!!
The 17-headed hydra is almost dead.
The 17-headed hydra closely misses you. The 17-headed hydra bites you!
* * * LOW HITPOINT WARNING * * *
The 17-headed hydra completely misses you.
The 17-headed hydra misses you. The 17-headed hydra bites you!
* * * LOW HITPOINT WARNING * * *
The 17-headed hydra bites you!
You die...

.#.....#.......#...#####..([)..#'
.#.....#.......#.......'...[.....
.#.....#.......#.......#......8..
.#.....#.......#.......#.8.......
.#.....#.......#####...#...#'####
.##+##'#...........#...#...#.....
......>............#...#...#.....
...................#...#...#.....
...............D@..#...#####...##
...............W...#...........#.
.######............'...........#.
.#....#............#...........#.
.#....#........>...#############.
.#....#..........................
.#....#...########...######.###..
.#....#...#......#####....#.#.###
.##...##..#............>..#.#....


You could see a 17-headed hydra and a phantom.

Vanquished Creatures
  A war gargoyle (D:12)
  A vampire knight (D:12)
  2 centaur warriors
  An unseen horror (D:10)
  A hill giant (D:11)
  Pikel (D:9)
  An ugly thing (D:11)
  A cyclops (D:12)
  An elephant (D:11)
  2 trolls
  A queen bee (D:11)
  Grinder (D:3)
  A two-headed ogre (D:8)
  Prince Ribbit (D:8)
  A wraith (D:10)
  2 wyverns
  7 yaks
  A basilisk (D:11)
  3 hippogriffs
  4 hungry ghosts
  A golden eye (shapeshifter) (D:12)
  A steam dragon (D:10)
  A vampire mosquito (D:12)
  A water moccasin (D:8)
  Menkaure (D:7)
  2 soldier ants
  Duvessa (D:7)
  2 slaves (D:9)
  8 orc warriors
  6 sky beasts
  2 ice beasts
  3 wasps
  An eye of draining (D:11)
  2 black bears
  3 phantoms
  A centaur (D:5)
  12 ogres
  2 crocodiles
  2 big kobolds
  12 giant frogs
  Dowan (D:7)
  3 scorpions
  A water moccasin skeleton (D:10)
  12 killer bees (D:11)
  A wight (D:12)
  An electric eel (D:12)
  4 howler monkeys
  13 crimson imps
  2 giant frog zombies
  A wasp zombie (D:12)
  3 jellies
  A quasit (D:9)
  5 orc priests
  9 hounds
  3 centaur skeletons
  A giant frog skeleton (D:12)
  10 orc wizards
  4 iguanas
  12 worker ants
  Terence (D:3)
  A sheep (D:11)
  A killer bee zombie (D:10)
  4 hound zombies
  A hound skeleton (D:7)
  2 worker ant zombies
  4 gnolls (D:6)
  15 adders
  A river rat (D:5)
  An ooze (D:1)
  An adder skeleton (D:6)
  2 adder zombies
  5 dart slugs
  4 worms
  10 giant geckos
  59 orcs
  4 ball pythons
  20 giant cockroaches
  11 goblins
  3 hobgoblins
  18 jackals
  22 kobolds
  2 quokkas
  11 bats
  A giant gecko zombie (D:5)
  10 giant newts
  6 rats
  4 plants (D:11)
409 creatures vanquished.

Vanquished Creatures (others)
  A howler monkey zombie (D:9)
  An adder skeleton (D:9)
  3 plants (D:11)
5 creatures vanquished.

Grand Total: 414 creatures vanquished

Notes
Turn   | Place    | Note
--------------------------------------------------------------
     0 | D:1      | boogeech the Minotaur Fighter began the quest for the Orb.
     0 | D:1      | Reached XP level 1. HP: 19/19 MP: 0/0
    43 | D:1      | Reached XP level 2. HP: 22/27 MP: 1/1
   300 | D:1      | Reached XP level 3. HP: 32/33 MP: 2/2
   575 | D:2      | Reached skill level 4 in Fighting
   683 | D:2      | Reached XP level 4. HP: 34/40 MP: 3/3
   756 | D:2      | Found a white marble altar of Elyvilon.
   756 | D:2      | Found a glowing silver altar of Zin.
   962 | D:3      | Noticed Terence
   980 | D:3      | Killed Terence
   980 | D:3      | Reached skill level 1 in Stealth
  1258 | D:3      | Noticed an ogre
  1269 | D:3      | Killed an ogre
  1269 | D:3      | Reached skill level 1 in Dodging
  1269 | D:3      | Reached XP level 5. HP: 32/47 MP: 4/4
  1441 | D:3      | Reached skill level 5 in Fighting
  1460 | D:3      | Noticed Grinder
  1476 | D:3      | Reached XP level 6. HP: 52/56 MP: 5/5
  1485 | D:3      | Paralysed by Grinder for 2 turns
  1490 | D:3      | Paralysed by Grinder for 2 turns
  1502 | D:3      | Killed Grinder
  1502 | D:3      | Reached skill level 5 in Armour
  1565 | D:3      | Found a faded altar to an unknown god.
  2207 | D:4      | Reached skill level 5 in Long Blades
  2207 | D:4      | Reached XP level 7. HP: 62/62 MP: 6/6
  2384 | D:4      | You fall through a shaft for 3 floors!
  2434 | D:7      | Reached skill level 6 in Fighting
  2473 | D:7      | Noticed Duvessa
  2475 | D:7      | Noticed Dowan
  2491 | D:7      | Killed Duvessa
  2493 | D:7      | Killed Dowan
  2493 | D:7      | Reached skill level 5 in Shields
  2912 | D:6      | Reached XP level 8. HP: 71/71 MP: 7/7
  3044 | D:5      | Entered Level 5 of the Dungeon
  3061 | D:5      | Found a glowing drain.
  3205 | Sewer    | Entered a sewer
  3419 | Sewer    | Reached skill level 7 in Fighting
  4335 | D:6      | Reached XP level 9. HP: 80/80 MP: 8/8
  4462 | D:6      | Found Baovuapn's Magic Scroll Emporium.
  4468 | D:6      | Bought a scroll of fear for 49 gold pieces
  4468 | D:6      | Bought a scroll of teleportation for 42 gold pieces
  5210 | D:7      | Noticed Menkaure
  5216 | D:7      | Killed Menkaure
  5216 | D:7      | Reached skill level 8 in Fighting
  6066 | D:8      | Noticed Prince Ribbit
  6077 | D:8      | Killed Prince Ribbit
  6084 | D:8      | Reached skill level 9 in Fighting
  6236 | D:8      | Reached XP level 10. HP: 83/91 MP: 9/9
  6953 | D:8      | Reached skill level 5 in Dodging
  7171 | D:9      | Found an ancient bone altar of Kikubaaqudgha.
  7184 | D:9      | Noticed Pikel
  7209 | D:9      | Killed Pikel
  7708 | D:9      | Found Ede Covosm's General Store.
  7718 | D:9      | Bought a +0 pair of gloves for 72 gold pieces
  7718 | D:9      | Bought a potion of heal wounds for 80 gold pieces
  7967 | D:9      | Reached skill level 10 in Fighting
  8211 | D:10     | Entered Level 10 of the Dungeon
  8308 | D:10     | Killed an unseen horror
  8308 | D:10     | Reached skill level 5 in Stealth
  8545 | D:10     | Reached skill level 10 in Armour
  8874 | D:10     | Reached skill level 10 in Long Blades
  9175 | D:10     | Reached XP level 11. HP: 100/100 MP: 10/10
  9255 | D:10     | Noticed a centaur warrior
  9265 | D:10     | Killed a centaur warrior
  9670 | D:10     | Found a staircase to the Orcish Mines.
 10052 | D:4      | Found a staircase to the Ecumenical Temple.
 10276 | Temple   | Entered the Ecumenical Temple
 10294 | Temple   | Became a worshipper of Makhleb the Destroyer
 10837 | D:11     | Found a staircase to the Lair.
 10898 | D:11     | Reached * piety under Makhleb
 10937 | D:11     | Noticed a hill giant
 10950 | D:11     | Killed a hill giant
 10950 | D:11     | Reached skill level 11 in Fighting
 11166 | D:11     | Noticed a cyan ugly thing
 11186 | D:11     | Killed a cyan ugly thing
 12550 | D:11     | Reached ** piety under Makhleb
 13158 | D:12     | Found a shattered altar of Ashenzari.
 13325 | D:12     | Noticed a centaur warrior
 13338 | D:12     | Killed a centaur warrior
 13667 | D:12     | Reached XP level 12. HP: 110/110 MP: 11/11
 13716 | D:12     | Found a runed door.
 14184 | D:12     | Noticed a vampire knight
 14195 | D:12     | Paralysed by something for 5 turns
 14207 | D:12     | Killed a vampire knight
 14340 | D:12     | Noticed a six-headed hydra
 14342 | D:12     | Noticed a frost giant
 14586 | D:12     | Reached *** piety under Makhleb
 14918 | D:12     | Noticed a war gargoyle
 14992 | D:12     | Killed a war gargoyle
 14992 | D:12     | Reached skill level 12 in Fighting
 15432 | D:12     | Got a steaming scale mail
 15445 | D:12     | Identified the +5 scale mail "Jesagg" {Int+5 Slay-2} (You found it on level 12 of the Dungeon)
 15542 | D:12     | HP: 5/112 [17-headed hydra (11)]
 15542 | D:12     | Slain by a 17-headed hydra

Skill      XL: |  1  2  3  4  5  6  7  8  9 10 11 12 |
---------------+-------------------------------------+-----
Long Blades    | 3 4 5 7 8 10 11 | 11.6
Shields        | 4 5 6 7 8 9 |  9.2
Fighting       | 4 5 6 7 9 10 11 12 | 12.0
Armour         | 4 5 6 7 8 10 11 | 11.9
Stealth        | 1 2 3 4 5 6 |  6.1
Dodging        | 1 2 3 4 5 6 7 |  7.2

Action                   |  1- 3 |  4- 6 |  7- 9 | 10-12 || total
-------------------------+-------+-------+-------+-------++-------
Melee: Long sword        |    77 |   148 |   416 |  1039 ||  1680
       Headbutt          |     9 |    16 |    89 |   235 ||   349
       Great sword       |       |       |       |    16 ||    16
Invok: Minor Destruction |       |       |       |     1 ||     1
Evoke: Wand              |       |       |       |    20 ||    20
  Use: Potion            |       |     1 |       |    21 ||    22
       Scroll            |       |       |     4 |    13 ||    17
  Eat: Chunk             |       |     5 |     5 |     4 ||    14
       Meat ration       |       |       |     2 |       ||     2
       Beef jerky        |       |       |       |     9 ||     9
       Fruit             |       |       |       |     3 ||     3
       Royal jelly       |       |       |       |     9 ||     9
       Pizza             |       |       |       |     1 ||     1
       Bread ration      |       |       |       |     1 ||     1
Armor: Scale mail        |    48 |    58 |   136 |       ||   242
       Chain mail        |       |       |    49 |   271 ||   320
       Plate armour      |       |       |       |   218 ||   218
       Skin              |       |       |       |     3 ||     3
Dodge: Dodged            |    25 |    54 |   113 |   250 ||   442
Block: Shield            |    55 |    65 |   216 |   119 ||   455
       Large shield      |       |       |       |   742 ||   742
